 Dungeon Crawl Stone Soup version 0.14.0-6-g1bc2dff (webtiles) character file.

2999 CrazyArbalest the Bolt Thrower (level 9, 0/62 HPs)
             Began as a Demonspawn Hunter on Apr 11, 2014.
             Was an Initiate of Okawaru.
             Killed themself with a badly aimed bolt of negative energy (9 damage)
             ... on Level 8 of the Dungeon.
             The game lasted 01:15:19 (6450 turns).

CrazyArbalest the Bolt Thrower (Demonspawn Hunter)  Turns: 6450, Time: 01:15:19

HP   0/62        AC  8     Str 15      XL: 9   Next: 37%
MP   8/8         EV 18     Int 18      God: Okawaru [......]
Gold 317         SH  0     Dex 19      Spells:  0 memorised,  8 levels left

rFire  + + .     SeeInvis .     b - +1,+2 crossbow
rCold  + . .     Clarity  +     H - +1 ring mail {rPois}
rNeg   + . .     Conserve .     (no shield)
rPois  +         rCorr    .     (helmet restricted)
rElec  +         rRot     .     (no cloak)
SustAb . .       Spirit   .     (no gloves)
rMut   .         Warding  .     (no boots)
Saprov . . .     Stasis   .     I - amulet of clarity
MR     .....                    U - ring of positive energy
                                A - ring of regeneration

@: invisible (expiring), brilliant, agile, flying, very slightly contaminated,
drained, not resistant to hostile enchantments, quite stealthy
A: horns 1, thin metallic scales 1, fire resistance 1, low mp 1, nightstalker 1,
powered by death 1
a: Renounce Religion


You were on level 8 of the Dungeon.
You worshipped Okawaru.
Okawaru was noncommittal.
You were hungry.

You visited 2 branches of the dungeon, and saw 9 of its levels.

You collected 317 gold pieces.

Inventory:

Hand weapons
 a - a +2,+1 flail
 b - a +1,+2 crossbow (weapon)
 G - a +0,+0 mace
Missiles
 c - 13 bolts
 V - a bolt of frost (quivered)
Armour
 d - a cursed +0 leather armour
 w - a +0 ring mail
 C - a +1 leather armour of magic resistance
 H - a +1 ring mail of poison resistance (worn)
Magical devices
 p - a wand of lightning (2)
 t - a wand of paralysis (6)
 J - a wand of random effects (9)
 N - a wand of disintegration (18)
Comestibles
 f - 6 bread rations
 u - an apple
 D - a slice of pizza
 K - 2 pears
 R - 2 meat rations
 T - 2 chokos
Scrolls
 e - 2 scrolls of random uselessness
 h - a scroll of immolation
 i - 4 scrolls of blinking
 j - a scroll of teleportation
 o - 2 scrolls of fog
 x - a scroll of amnesia
 z - 4 scrolls of remove curse
 B - a scroll of recharging
 F - 2 scrolls of enchant weapon II
 M - a scroll of enchant weapon I
Jewellery
 A - a ring of regeneration (left hand)
 I - an amulet of clarity (around neck)
 U - a ring of positive energy (right hand)
Potions
 m - a potion of confusion
 r - a potion of restore abilities
 s - 4 potions of curing
 E - 2 potions of brilliance
Books
 n - a book of War Chants

   Spells                             Type                      Level
   Fire Brand                         Charms/Fire                  2
   Freezing Aura                      Charms/Ice                   2
   Shroud of Golubria                 Charms/Translocation         2
   Repel Missiles                     Charms/Air                   2
   Poison Weapon                      Charms/Poison                3
   Regeneration                       Charms/Necromancy            3
 y - a book of Cantrips

   Spells                             Type                      Level
   Confusing Touch                    Hexes                        1
   Animate Skeleton                   Necromancy                   1
   Summon Small Mammal                Summoning                    1
   Apportation                        Translocation                1


   Skills:
 + Level 2.9(2.6) Fighting
 * Level 5.1(4.8) Maces & Flails
 + Level 7.8(7.5) Crossbows
 + Level 3.8(3.5) Armour
 + Level 6.0(5.7) Dodging
 + Level 2.2(1.9) Stealth
 + Level 0.4(0.1) Evocations


You had 8 spell levels left.
You didn't know any spells.

Dungeon Overview and Level Annotations

Branches:
Dungeon (8/15)             Temple (1/1) D:7
   Lair: D:8-11

Altars:
Ashenzari
Cheibriados
Dithmenos
Elyvilon
Fedhas
Kikubaaqudgha
Makhleb
Nemelex Xobeh
Okawaru
Sif Muna
Trog
Vehumet
Xom
Yredelemnul
Zin
The Shining One


Innate Abilities, Weirdness & Mutations

You have a pair of small horns on your head.
You are partially covered in thin metallic scales (AC +2).
You are slightly more attuned to the shadows.
You can steal the life force of nearby defeated enemies.
Your flesh is heat resistant.
Your magical capacity is low (-10% MP).


Message History

* * * LOW HITPOINT WARNING * * *
Evoke which item? (* to show all) (? for menu, Esc to quit)
Zapping:
t - a wand of paralysis {zapped: 10}
Press: ? - help, Shift-Dir - straight line, f - you Really target yourself?
You suddenly lose the ability to move!
You can move again.
Evoke which item? (* to show all) (? for menu, Esc to quit)
Zapping:
t - a wand of paralysis {zapped: 11}
Press: ? - help, Shift-Dir - straight line, f - you Really target yourself?
You resist.
You flicker for a moment.
Evoke which item? (* to show all) (? for menu, Esc to quit)
Zapping:
J - a wand of random effects {zapped: 1}
Press: ? - help, Shift-Dir - straight line, f - you Really target yourself?
The bolt of negative energy hits you! You partially resist.
You feel drained.
You are wearing:
U - a ring of positive energy (right hand)
You die...

######### ##........
########### #...).###)
#....@....###..##.# #.
####.######...##..##.###.
#.......##.....#.....)..)
#.##.##..........###.####
#### #.##.######..#####
#..... ...# #.##.# #..#
###### ##.#
####.##.######..# #
#.###...............## #
#.##........######...## #


There were no monsters in sight!

Vanquished Creatures
  A hungry ghost (D:8)
  Menkaure (D:6)
  4 ogres
  A sky beast (D:7)
  An orc warrior (D:6)
  3 ice beasts
  2 phantoms
  Sigmund (D:6)
  3 giant frogs
  2 scorpions
  4 killer bees (D:7)
  3 jellies
  2 crimson imps
  4 hounds
  2 orc priests
  7 worker ants
  3 orc wizards (D:8)
  A two-headed ogre skeleton (D:6)
  Jessica (D:2)
  A worker ant zombie (D:7)
  4 gnolls (D:4)
  12 adders
  A giant mite (D:3)
  A shadow imp (D:4)
  4 worms
  3 orc skeletons
  A giant eyeball (D:6)
  4 giant geckos
  3 oozes
  20 orcs
  A ball python (D:4)
  8 bats
  A bat skeleton (D:6)
  3 giant cockroaches
  12 hobgoblins
  2 jackals (D:4)
  17 kobolds
  A giant gecko skeleton (D:5)
  4 giant newts
  14 goblins
  A hobgoblin skeleton (D:4)
  5 quokkas
  9 rats
  A rat skeleton (D:8)
  2 ballistomycetes (D:6)
  A plant (D:5)
182 creatures vanquished.

Vanquished Creatures (others)
  A giant newt (D:6)
  A giant spore (D:6)
2 creatures vanquished.

Grand Total: 184 creatures vanquished

Notes
Turn   | Place    | Note
--------------------------------------------------------------
     0 | D:1      | CrazyArbalest, the Demonspawn Hunter, began the quest for the Orb.
     0 | D:1      | Reached XP level 1. HP: 15/15 MP: 1/1
     0 | D:1      | Noticed an iron imp
     2 | D:1      | Noticed Veriob the pandemonium lord
     4 | D:1      | Noticed an Executioner
     6 | D:1      | Noticed a red devil
    16 | D:1      | Noticed a chaos spawn
    18 | D:1      | Noticed a hell beast
   108 | D:1      | Reached skill level 4 in Crossbows
   108 | D:1      | Gained mutation: You can steal the life force of nearby defeated enemies. [demonic ancestry]
   108 | D:1      | Reached XP level 2. HP: 19/21 MP: 2/2
   560 | D:2      | Found a blossoming altar of Fedhas.
   652 | D:2      | Reached XP level 3. HP: 26/26 MP: 3/3
   884 | D:2      | Noticed Jessica
   887 | D:2      | Killed Jessica
   983 | D:2      | Reached XP level 4. HP: 29/32 MP: 4/4
   995 | D:2      | Reached skill level 5 in Crossbows
  1206 | D:3      | Noticed a phantom
  1214 | D:3      | Killed a phantom
  1214 | D:3      | Reached skill level 1 in Armour
  1214 | D:3      | Gained mutation: You are partially covered in thin metallic scales (AC +2). [demonic ancestry]
  1214 | D:3      | Reached XP level 5. HP: 37/37 MP: 5/5
  1283 | D:3      | Reached skill level 1 in Stealth
  1621 | D:3      | Reached skill level 1 in Maces & Flails
  1891 | D:3      | Gained mutation: You have a pair of small horns on your head. [demonic ancestry]
  1891 | D:3      | Reached XP level 6. HP: 43/43 MP: 6/6
  2159 | D:4      | Found a shadowy altar of Dithmenos.
  2302 | D:4      | Got a warped helmet
  3066 | D:5      | Entered Level 5 of the Dungeon
  3238 | D:5      | Reached XP level 7. HP: 22/48 MP: 7/7
  4120 | D:5      | Reached skill level 6 in Crossbows
  4511 | D:6      | Noticed Menkaure
  4715 | D:6      | Reached XP level 8. HP: 50/56 MP: 8/8
  4811 | D:6      | Noticed Sigmund
  4820 | D:6      | Killed Sigmund
  4834 | D:6      | Paralysed by an orc for 4 turns
  4974 | D:6      | Reached skill level 5 in Dodging
  4990 | D:6      | Killed Menkaure
  4999 | D:6      | Reached skill level 7 in Crossbows
  5149 | D:6      | Found a glowing golden altar of the Shining One.
  5297 | D:7      | Found a shimmering altar of Xom.
  5299 | D:7      | Noticed a baby alligator
  5509 | D:7      | Gained mutation: You are slightly more attuned to the shadows. [demonic ancestry]
  5509 | D:7      | Reached XP level 9. HP: 48/62 MP: 9/9
  5555 | D:7      | Found a staircase to the Ecumenical Temple.
  5563 | Temple   | Entered the Ecumenical Temple
  5635 | Temple   | Became a worshipper of Warmaster Okawaru
  5794 | D:7      | Found a shimmering altar of Xom.
  5795 | D:7      | Found a shimmering altar of Xom.
  5795 | D:7      | Found a shimmering altar of Xom.
  5795 | D:7      | Noticed a troll
  5796 | D:7      | Found a shimmering altar of Xom.
  5797 | D:7      | Found a shimmering altar of Xom.
  5798 | D:7      | Found a shimmering altar of Xom.
  5870 | D:7      | Noticed a lindwurm
  6218 | D:8      | Reached skill level 5 in Maces & Flails
  6402 | D:8      | Found a deep blue altar of Sif Muna.
  6440 | D:8      | Gained mutation: Your magical capacity is low (-10% MP). [potion of mutation]
  6440 | D:8      | Gained mutation: Your flesh is heat resistant. [potion of mutation]
  6445 | D:8      | Paralysed by you for 4 turns
  6450 | D:8      | Killed themself with a badly aimed bolt of negative energy

Action                   |  1- 3 |  4- 6 |  7- 9 || total
-------------------------+-------+-------+-------++-------
Melee: Short sword       |    58 |       |       ||    58
       Mace              |       |    69 |    56 ||   125
       Whip              |       |    19 |       ||    19
       Flail             |       |   115 |   209 ||   324
 Fire: Crossbow          |    27 |    54 |   116 ||   197
Evoke: Wand              |       |       |    11 ||    11
  Use: Scroll            |       |       |    10 ||    10
       Potion            |       |       |     9 ||     9
 Stab: Sleeping          |       |       |     5 ||     5
